Map: Dusk Towers

Players

Lilbow - Winner!

  • Race: Protoss Protoss

Neeb

  • Race: Protoss Protoss

Event: DreamHack Open Tours WCS Spring Championship

VOD

https://www.youtube.com/watch?v=wtIg5MTkqr8

Description

Time

  • Played on: May 14, 2016, 5:03 a.m.
  • Length: 21:26

All games in this series

Show
View Real Time Build Order
Export as new Build Order

Lilbow Protoss - Winner!

Build Orders: Phoenix Opening 

Get SALT Encoding   

  12  0:01  Probe (Chrono Boost)  
  13  0:11  Probe (Chrono Boost)  
  14  0:17  Pylon  
  14  0:22  Probe (Chrono Boost)  
  15  0:35  Probe (Chrono Boost), Gateway  
  16  0:41  Assimilator  
  16  0:45  Probe (Chrono Boost)  
  17  0:56  Probe (Chrono Boost)  
  18  0:58  Assimilator  
  18  1:06  Probe (Chrono Boost)  
  18  1:07  Gateway  
  19  1:17  Probe (Chrono Boost)  
  20  1:23  Cybernetics Core  
  20  1:27  Probe (Chrono Boost)  
  21  1:38  Probe (Chrono Boost)  
  22  1:43  Pylon  
  22  1:49  Probe (Chrono Boost)  
  23  1:59  Warp Gate (Chrono Boost)  
  23  2:01  Stalker (Chrono Boost)  
  27  2:03  Stalker (Chrono Boost)  
  27  2:09  Pylon  
  27  2:12  Mothership Core  
  31  2:30  Sentry (Chrono Boost)  
  31  2:33  Probe  
  32  2:40  Stalker (Chrono Boost)  
  34  2:45  Probe  
  35  2:57  Nexus  
  35  2:59  Probe  
  36  3:06  Sentry  
  36  3:09  Pylon  
  36  3:11  Probe  
  39  3:23  Robotics Facility  
  39  3:27  Probe (Chrono Boost)  
  40  3:35  Phoenix  
  40  3:39  Probe (Chrono Boost)  
  41  3:49  Probe (Chrono Boost), Pylon  
  41  3:54  Sentry, Stalker  
  46  4:00  Probe (Chrono Boost)  
  47  4:10  Probe x2 (Chrono Boost)  
  47  4:11  Observer  
  50  4:21  Probe x2 (Chrono Boost)  
  52  4:28  Twilight Council  
  52  4:30  Forge  
  52  4:31  Probe x2 (Chrono Boost), Phoenix  
  52  4:33  Stalker  
  56  4:39  Stalker  
  56  4:42  Probe x2 (Chrono Boost)  
  60  4:51  Blink  
  60  4:52  Probe x2 (Chrono Boost)  
  62  4:53  Assimilator  
  62  4:56  Assimilator  
  62  5:03  Probe x2 (Chrono Boost)  
  64  5:10  Pylon  
  64  5:13  Probe x2 (Chrono Boost)  
  66  5:22  Protoss Ground Weapons Level 1 (Chrono Boost)  
  66  5:24  Probe  
  63  5:33  Stalker x2  
  63  5:34  Probe  
  68  5:42  Probe  
  69  5:46  Nexus  
  69  5:47  Pylon  
  69  5:51  Probe  
  69  5:55  Probe, Pylon  
  71  6:02  Stalker x2  
  71  6:03  Probe  
  75  6:09  Probe  
  75  6:11  Forge  
  76  6:15  Probe  
  77  6:21  Probe  
  78  6:26  Stalker x2  
  78  6:27  Probe  
  78  6:28  Gateway  
  78  6:29  Gateway  
  83  6:33  Probe  
  83  6:37  Phoenix  
  85  6:40  Probe  
  85  6:46  Probe  
  85  6:52  Probe, Stalker x2  
  86  6:57  Probe  
  86  6:58  Probe  
  88  7:04  Mothership Core  
  88  7:06  Protoss Ground Weapons Level 2 (Chrono Boost)  
  88  7:08  Probe  
  90  7:10  Probe  
  90  7:14  Protoss Shields Level 1 (Chrono Boost)  
  92  7:17  Stalker x2  
  92  7:18  Probe, Assimilator  
  92  7:22  Probe, Assimilator  
  98  7:25  Probe  
  98  7:26  Charge  
  98  7:29  Probe  
  99  7:34  Probe  
  101  7:38  Gateway  
  101  7:40  Gateway  
  101  7:42  Gateway  
  101  7:45  Pylon, Templar Archives  
  101  7:50  Probe  
  102  7:53  Zealot x2  
  102  7:58  Gateway  
  106  7:59  Gateway  
  106  8:04  Pylon  
  106  8:05  Pylon  
  106  8:16  Gateway  
  106  8:17  Gateway  
  106  8:26  Nexus  
  106  8:30  Pylon, High Templar x3  
  106  8:31  High Templar  
  114  8:36  Assimilator  
  114  8:37  High Templar x2  
  114  8:38  Zealot, Archon x2  
  114  8:40  Phoenix  
  120  8:41  Assimilator, Archon  
  120  8:46  Photon Cannon  
  120  8:57  Pylon, High Templar x2  
  120  8:58  Pylon  
  120  9:01  Archon  
  124  9:02  Zealot x2  
  124  9:03  Zealot x3  
  134  9:16  High Templar x2  
  134  9:17  Zealot x2  
  140  9:22  Warp Prism  
  140  9:23  Gateway  
  140  9:24  Gateway  
  144  9:25  Archon  
  144  9:28  Zealot x5  
  154  9:38  High Templar x2  
  154  9:39  Zealot x2  
  154  9:43  Photon Cannon, Archon  
  162  9:48  Pylon  
  162  9:53  Zealot x3, High Templar x2  
  162  9:57  Archon  
  172  10:15  Pylon  
  172  10:17  Zealot x2, High Templar x2  
  180  10:21  Pylon, Archon  
  180  10:28  Pylon  
  180  10:29  Pylon  
  180  10:34  High Templar x2  
  184  10:36  Pylon  
  184  10:37  Photon Cannon  
  184  10:40  Photon Cannon, Archon  
  184  10:41  High Templar  
  184  10:42  Zealot x4, High Templar  
  196  10:46  Archon  
  196  10:48  Zealot x2  
  198  11:00  Observer  
  199  11:06  Pylon  
  199  11:07  Photon Cannon  
  199  11:10  Photon Cannon  
  199  11:22  Observer  
  199  11:24  Gateway  
  200  11:28  Gateway  
  200  11:40  Protoss Shields Level 2 (Chrono Boost)  
  200  11:41  Protoss Ground Weapons Level 3 (Chrono Boost)  
  171  12:13  High Templar x3  
  171  12:14  High Templar  
  172  12:17  Archon  
  172  12:18  Nexus, Archon  
  172  12:22  High Templar x2  
  174  12:23  High Templar x2  
  174  12:24  High Templar x2  
  174  12:25  Zealot x5  
  174  12:27  Archon  
  174  12:28  Archon x2  
  194  12:36  Observer  
  155  12:57  Observer  
  142  13:12  Zealot x4, High Templar x2  
  140  13:13  Zealot x9  
  140  13:17  Archon  
  140  13:18  Observer  
  129  13:36  High Templar  
  129  13:37  Stalker x5  
  129  13:38  Stalker x2  
  129  13:40  Stalker, Observer  
  134  13:59  Stalker x3  
  134  14:01  Observer  
  122  14:22  Zealot x5, Observer  
  126  14:29  Nexus  
  96  16:08  Pylon  
  96  16:53  Nexus  
  93  17:24  Phoenix  
  89  18:25  Pylon  
  89  18:27  Pylon  
  89  18:28  Pylon x2  
  89  18:48  Pylon  
  89  18:50  Pylon  
  89  18:51  Pylon  
  87  19:18  Pylon x2  
  87  19:20  Pylon  
  87  19:25  Assimilator  
  87  19:27  Gateway  
  87  19:29  Assimilator  
  87  19:43  Gateway  
  87  19:44  Gateway  
  79  20:18  Assimilator  
  79  20:21  Cybernetics Core  
  77  20:42  Zealot x2  
  77  20:43  Zealot  
  77  20:48  Gateway  
  77  21:08  Stalker x3  
Show
View Real Time Build Order
Export as new Build Order

Neeb Protoss 

Build Orders: Phoenix Opening 

Get SALT Encoding   

  12  0:00  Probe (Chrono Boost)  
  13  0:11  Probe (Chrono Boost)  
  14  0:17  Pylon  
  14  0:22  Probe (Chrono Boost)  
  16  0:35  Probe (Chrono Boost)  
  16  0:37  Gateway  
  16  0:46  Probe (Chrono Boost)  
  17  0:56  Probe (Chrono Boost)  
  18  0:58  Assimilator x2  
  18  1:07  Probe (Chrono Boost)  
  18  1:10  Gateway  
  19  1:17  Probe (Chrono Boost)  
  20  1:24  Cybernetics Core  
  20  1:28  Probe (Chrono Boost)  
  21  1:34  Pylon  
  21  1:38  Probe (Chrono Boost)  
  22  1:49  Probe (Chrono Boost)  
  23  2:01  Mothership Core (Chrono Boost)  
  25  2:04  Warp Gate (Chrono Boost)  
  25  2:12  Stalker  
  27  2:19  Probe (Chrono Boost)  
  28  2:27  Pylon  
  30  2:43  Stargate  
  28  2:47  Nexus  
  28  2:54  Stalker  
  32  3:07  Probe  
  32  3:12  Pylon  
  33  3:19  Probe  
  33  3:26  Phoenix (Chrono Boost)  
  33  3:31  Probe  
  34  3:39  Robotics Facility  
  34  3:43  Probe  
  35  3:53  Phoenix (Chrono Boost)  
  35  3:55  Probe, Assimilator  
  38  4:01  Probe  
  39  4:07  Probe  
  40  4:11  Probe  
  40  4:16  Phoenix (Chrono Boost)  
  43  4:19  Probe  
  43  4:22  Probe  
  43  4:23  Sentry  
  47  4:31  Probe, Pylon  
  47  4:32  Probe  
  47  4:36  Phoenix (Chrono Boost)  
  51  4:43  Probe x2  
  53  4:52  Immortal (Chrono Boost)  
  57  4:55  Probe  
  57  4:56  Assimilator  
  57  4:57  Probe  
  59  5:08  Probe  
  59  5:09  Probe, Void Ray  
  59  5:12  Pylon  
  61  5:20  Probe  
  66  5:21  Probe  
  67  5:32  Probe  
  67  5:34  Probe  
  67  5:35  Pylon  
  69  5:43  Pylon  
  69  5:52  Nexus  
  69  5:53  Immortal (Chrono Boost)  
  69  5:56  Void Ray  
  73  6:03  Probe x2  
  77  6:08  Sentry  
  77  6:09  Pylon  
  77  6:10  Sentry  
  81  6:15  Probe x2  
  83  6:27  Pylon  
  83  6:29  Immortal (Chrono Boost), Pylon  
  87  6:33  Gateway  
  87  6:35  Probe  
  87  6:38  Probe  
  89  6:46  Void Ray  
  89  6:47  Probe  
  89  6:53  Probe  
  93  6:59  Probe  
  94  7:01  Stargate  
  94  7:02  Stargate  
  94  7:03  Probe  
  94  7:05  Probe, Observer (Chrono Boost)  
  97  7:11  Probe  
  97  7:14  Probe, Assimilator, Protoss Air Weapons Level 1  
  98  7:17  Probe  
  98  7:18  Assimilator  
  100  7:23  Probe  
  100  7:24  Probe  
  100  7:26  Void Ray (Chrono Boost)  
  100  7:29  Probe  
  105  7:35  Probe  
  105  7:36  Probe  
  107  7:41  Probe  
  108  7:46  Void Ray x2 (Chrono Boost)  
  108  7:48  Probe  
  108  7:50  Pylon  
  117  7:55  Nexus  
  117  8:02  Pylon  
  117  8:07  Void Ray (Chrono Boost)  
  121  8:14  Fleet Beacon  
  121  8:15  Probe  
  121  8:16  Probe x2  
  124  8:25  Void Ray (Chrono Boost)  
  128  8:27  Void Ray (Chrono Boost)  
  128  8:29  Probe  
  128  8:30  Probe x2  
  135  8:40  Forge  
  135  8:56  Gateway  
  135  8:59  Carrier (Chrono Boost)  
  141  9:04  Pylon  
  141  9:07  Pylon  
  141  9:08  Carrier (Chrono Boost)  
  141  9:09  Gateway  
  147  9:10  Gateway  
  153  9:26  Photon Cannon  
  153  9:28  Photon Cannon  
  153  9:30  Carrier (Chrono Boost)  
  159  9:38  Protoss Air Weapons Level 2  
  159  9:46  Warp Prism  
  159  9:49  Graviton Catapult  
  159  9:51  Assimilator  
  161  9:57  Pylon  
  161  9:58  Pylon x2  
  161  10:01  Pylon  
  161  10:02  Pylon  
  159  10:15  Pylon  
  159  10:16  Carrier (Chrono Boost)  
  159  10:18  Protoss Shields Level 1  
  165  10:32  Carrier (Chrono Boost)  
  171  10:41  Nexus  
  171  10:42  Pylon  
  177  10:51  Carrier (Chrono Boost)  
  177  11:31  Carrier (Chrono Boost)  
  183  11:40  Assimilator  
  183  11:42  Assimilator  
  183  11:44  Photon Cannon  
  183  11:45  Photon Cannon  
  183  11:46  Photon Cannon  
  189  11:47  Carrier (Chrono Boost)  
  189  12:05  Carrier (Chrono Boost)  
  193  12:21  Protoss Air Weapons Level 3  
  193  12:25  Nexus  
  193  12:28  Pylon  
  193  12:31  Pylon  
  193  12:34  Assimilator  
  190  13:01  Carrier (Chrono Boost)  
  189  13:27  Nexus  
  183  14:06  Pylon  
  183  14:08  Carrier (Chrono Boost)  
  183  14:24  Void Ray (Chrono Boost)  
  183  14:28  Pylon  
  183  14:29  Pylon  
  177  14:46  Sentry x2  
  161  15:26  Pylon  
  121  16:19  Assimilator  

Tags
 
Add a new tag
Caveats
  • Supply blocks, unpowered buildings, or Contaminate may cause inaccurate times.
  • Supply counts are checked every 10 seconds.